 Dungeon Crawl Stone Soup version 0.28-a0-1080-g05a166d0ed (webtiles) character file.

Game seed: 4656873015888326027

1201 spiderkeys the Transmogrifier (level 8, 0/34 HPs)
             Began as a Felid Abyssal Knight on Dec 9, 2021.
             Was an Elder of Lugonu.
             Slain by an orc wizard (2 damage)
             ... on level 8 of the Dungeon on Dec 10, 2021.
             The game lasted 00:26:34 (13888 turns).

spiderkeys the Transmogrifier (FeAK)               Turns: 13888, Time: 00:26:34

Health: 0/34       AC:  2    Str:  9    XL:     8   Next: 21%
Magic:  12/15      EV: 21    Int: 13    God:    Lugonu [****..]
Gold:   494        SH:  0    Dex: 19    Spells: 2/15 levels left
                                        Lives:  0   Deaths: 2

rFire   . . .      SeeInvis +     - Unarmed
rCold   . . .      Faith    .   (shield unavailable)
rNeg    . . .      Spirit   .   (armour unavailable)
rPois   +          Reflect  .   (helmet unavailable)
rElec   .          Harm     .   (cloak unavailable)
rCorr   .          Rampage  .   (gloves unavailable)
Will    +....                   (boots unavailable)
Stlth   +++.......              A - amulet of the acrobat
HPRegen 0.11/turn               P - ring of poison resistance
MPRegen 0.14/turn               L - ring of flight

@: flying, quick
A: very small, claws 1, fangs 3, see invisible, speed 1, shaggy fur 2, stealthy
paws, no weapons or thrown items, no armour, multi-lived
a: Renounce Religion, Depart the Abyss, Bend Space, Banish, Corrupt


You were on level 8 of the Dungeon.
You worshipped Lugonu.
Lugonu was greatly pleased with you.
You visited 1 branch of the dungeon, and saw 8 of its levels.
You visited the Abyss 1 time.
You also visited: Ossuary.

You collected 494 gold pieces.


Innate Abilities, Weirdness & Mutations

You have sharp claws.
You have razor-sharp teeth.
You have supernaturally acute eyesight. (SInv)
You cover ground quickly. (Speed+)
You are covered in thick fur. (AC +2)
Your paws help you pounce on unaware monsters.
You are incapable of wielding weapons or throwing items.
You cannot wear armour.
You gain extra lives every three experience levels.


   Skills:
 - Level 3.0 Fighting
 - Level 6.0 Dodging
 - Level 5.0 Stealth
 + Level 8.2 Unarmed Combat
 - Level 4.1 Spellcasting
 * Level 8.4 Transmutations
 - Level 1.7 Invocations


You had 2 spell levels left.
You knew the following spells:

 Your Spells              Type           Power      Damage    Failure   Level
b - Blade Hands           Tmut           12%        N/A       17%         5
r - Irradiate             Conj/Tmut      6%         3d15      69%         5
w - Wereblood             Tmut           24%        N/A       1%          2
z - Summon Small Mammal   Summ           8%         N/A       21%         1

Your spell library contained the following spells:

 Spells                   Type           Power      Damage    Failure   Level
 Animate Skeleton         Necr           4%         N/A       21%         1
 Magic Dart               Conj           8%         1d3       21%         1
 Pain                     Necr           8%         1d4       21%         1
 Searing Ray              Conj           4%         2d4       30%         2
 Sublimation of Blood     Necr           2%         N/A       30%         2
 Ignite Poison            Fire/Tmut/Pois 10%        N/A       19%         3
 Call Canine Familiar     Summ           2%         N/A       52%         3
 Conjure Flame            Conj/Fire      2%         6-21      52%         3
 Inner Flame              Hex/Fire       2%         N/A       52%         3
 Mephitic Cloud           Conj/Pois/Air  2%         N/A       52%         3
 Ozocubu's Armour         Ice            2%         N/A       52%         3
 Summon Guardian Golem    Hex/Summ       2%         N/A       52%         3
 Vampiric Draining        Necr           2%         2d6       52%         3
 Flame Wave               Conj/Fire      2%         2d4       90%         4
 Fulminant Prism          Conj/Hex       1%         3d6       90%         4
 Sticky Flame             Conj/Fire      2%         2d3       90%         4
 Fireball                 Conj/Fire      1%         3d3       99%         5
 Freezing Cloud           Conj/Ice/Air   1%         6-21      99%         5
 Ozocubu's Refrigeration  Ice            1%         4d5       100%        7
 Summon Hydra             Summ           1%         N/A       100%        7
 Ignition                 Fire           1%         3d3       100%        8

Inventory:

Jewellery
 A - an amulet of the acrobat (around neck)
   (You found it on level 6 of the Dungeon)
 L - a ring of flight (right paw)
   (You found it on level 2 of the Abyss)
 P - a ring of poison resistance (left paw)
   (You found it on level 3 of the Abyss)
Wands
 m - a wand of charming (9)
   (You found it on level 4 of the Dungeon)
 s - a wand of iceblast (6)
   (You found it on level 6 of the Dungeon)
Scrolls
 d - a scroll of enchant weapon
 g - a scroll of vulnerability {!r!r}
 k - a scroll of enchant armour
 l - 3 scrolls of identify {@r1}
 o - a scroll of silence {!r}
Potions
 a - a potion of invisibility
 b - 11 potions of curing {@q1}
 c - a potion of berserk rage {unknown}
 e - 4 potions of magic
 f - a potion of flight {unknown}
 h - 4 potions of attraction {unknown}
 i - a potion of brilliance {unknown}
 j - 3 potions of heal wounds {unknown}
 n - 2 potions of might {unknown}
 p - 4 potions of mutation {unknown}
 q - a potion of resistance {unknown}
 t - a potion of lignification {unknown}

Dungeon Overview and Level Annotations

Branches:
Dungeon (8/15)             Temple (0/1) D:4         Ossuary (visited)
   Lair: D:8-11

Altars:
Dithmenos
Gozag
Hepliaklqana
Makhleb
The Shining One

Shops:
D:6 [   D:7 [

Annotations:
D:1 exclusion: 4 doors

#.o##..##.#P....PP.P
#..o.........P......
....o..h............
##..S..SF.......P
#..###o.........
#..# #..o.....P. #
#..###.......P.P
#.###........S......
#.)@o.....(.P..P...
######.###.......P
#.# .#...P. #.. .
#... #.## .# # #.###


You could see an orc wizard (invisible).


Message History

The spell is potentially lethal to miscast (26% risk of failure)!
Continue anyway?
Your front paws turn into razor-sharp scythe blades. 😎 MP[-5]
You lost 5 mp, and now have 9/14 mp.
You slash the black bear! x2
The black bear goes berserk!
You slice the black bear!!
You kill the black bear!
Lugonu accepts your kill.
You slash the black bear! You bite the black bear.
The black bear closely misses you. The black bear misses you.
The black bear claws you. 😕 HP[-1]
You take 1 damage, and now have 30/31 hp.
You barely miss the black bear. You barely miss the black bear.
The black bear closely misses you. The black bear completely misses you.
The black bear closely misses you.
You slice the black bear!!
You kill the black bear!
Lugonu accepts your kill.
Your Unarmed Combat skill increases to level 8!
You slice the orc!!
You kill the orc!
Lugonu accepts your kill. 😕 MP[+1]
You hit the yak. You bite the yak. The yak completely misses you.
You hit the yak but do no damage. You bite the yak, but do no damage.
The yak barely misses you. 😎 HP[+1]
Your hp is fully restored (31).
You hit the yak. The yak closely misses you.
The orc wizard shouts!
You slice the yak!!
You hear an angry hiss. x2
The yak gores you!
You hear a loud, deep croak! 😮 HP[-8]
You take 8 damage, and now have 23/31 hp.
MASSIVE DAMAGE!! (PAUSE)
You slice the yak!!
You kill the yak!
Lugonu accepts your kill.
You hear a shout!
You hear an angry growl.
Your Transmutations skill increases to level 8!
Welcome back to level 8! 😮 HP[+2]
You now have 34 max hp (+3).
You regained 2 hp, and now have 25/34 hp.
You slice the orc!!
You kill the orc!
Lugonu accepts your kill.
You slash the orc!
You kill the orc!
Lugonu accepts your kill.
Your transformation is almost over.
You slash the orc warrior!
You hit the orc warrior but do no damage.
The orc warrior misses you. 😮 MP[+1]
You closely miss the orc warrior.
The orc warrior closely misses you. 😕 HP[+1]
You slash the orc warrior!
The orc warrior hits you with a +0 long sword!!
Ouch! That really hurt!
* * * LOW HITPOINT WARNING * * *
😱 HP[-19]
You take 19 damage, and now have 7/34 hp.
MASSIVE DAMAGE!! (PAUSE)
You hit the orc warrior.
You kill the orc warrior!
Lugonu accepts your kill.
You slice the orc!!
You kill the orc!
Lugonu accepts your kill. The orc hits you with a +0 mace.
* * * LOW HITPOINT WARNING * * *
😱 HP[-2]
You take 2 damage, and now have 5/34 hp.
You completely miss the orc. The orc misses you.
You hit the orc. You bite the orc, but do no damage. You slash the orc!
You kill the orc!
Lugonu accepts your kill.
You hit the orc wizard.
The orc wizard hits you but does no damage. 😱 MP[+1]
You hit the orc wizard.
Your front paws revert to their normal proportions.
The orc wizard gestures at you while chanting.
The puff of flame misses you.
You scratch the orc wizard.
The orc wizard hits you with a +0 dagger.
* * * LOW HITPOINT WARNING * * *
😱 HP[-4]
You take 4 damage, and now have 1/34 hp.
You scratch the orc wizard. Your claw misses the orc wizard.
The orc wizard closely misses you.
You closely miss the orc wizard.
The orc wizard hits you with a +0 dagger.
You die...

Skill      XL: |  1  2  3  4  5  6  7  8 |
---------------+-------------------------+-----
Unarmed Combat | 3 4 5 6 8 7 |  8.2
Dodging        | 4 5 6 |  6.0
Stealth        | 2 4 5 |  5.0
Transmutations | 2 8 7 |  8.4
Spellcasting   | 1 2 4 |  4.1
Fighting       | |  3.0
Invocations    | |  1.7

Action                   |  1- 3 |  4- 6 |  7- 9 || total
-------------------------+-------+-------+-------++-------
Melee: Unarmed           |   139 |   280 |   320 ||   739
       Bite              |    17 |    40 |    39 ||    96
       Punch             |     2 |     7 |     7 ||    16
 Cast: Summon Small Mamm |       |     2 |    19 ||    21
       Wereblood         |       |       |     6 ||     6
       Blade Hands       |       |       |     1 ||     1
Invok: Bend Space        |     1 |       |       ||     1
Evoke: Wand              |       |       |     3 ||     3
  Use: Scroll            |     2 |     8 |     2 ||    12
       Potion            |       |       |     3 ||     3
 Stab: Sleeping          |     4 |     5 |     7 ||    16
       Invisible         |       |       |     2 ||     2
Armor: Skin              |     6 |    11 |     8 ||    25
Dodge: Dodged            |   104 |   210 |   253 ||   567

Levels and vault maps discovered:
D:1:      matt_arrival_los_fun, layout_rooms, hellmonk_ecumenical_altar_run_dry,
          hangedman_abyss_or_decor_lesser_grid
D:2:      layout_basic
D:3:      layout_loops_ring, overflow_temple_1_default
D:4:      layout_cave_pools, nzn_hepliaklqana_mist_gate, grunt_dithmenos_smoke,
          lemuel_crystal_altar, minmay_temple_entry_statues_fountains,
          enter_ossuary_3
D:5:      layout_basic, grunt_gozag_statues
D:6:      layout_loops_cross, serial_shops, kennysheep_mini
D:7:      layout_loops_ring, serial_shops, kennysheep_mini_moat, chequers_jeans,
          serial_bayou_pond_d
D:8:      layout_loops_ring, jmf_multi_god_temple2, due_lair_maze_entry_diamond,
          special_room [special_room_orc],
          hangedman_abyss_or_decor_jellyfish_corner

Notes
Turn   | Place    | Note
-------+----------+-------------------------------------------
     0 | Abyss:1  | spiderkeys the Felid Abyssal Knight began the quest for the
                  | Orb.
     0 | Abyss:1  | Reached XP level 1. HP: 10/10 MP: 3/3
     0 | Abyss:1  | magus.rc [v1.9.10]
    14 | Abyss:1  | You pick up a book of Blood and begin reading...
    14 | Abyss:1  | You add the spells Sublimation of Blood, Wereblood and
                  | Summon Hydra to your library.
    44 | Abyss:2  | Found a corrupted altar of Lugonu.
    62 | Abyss:2  | Noticed a wraith
    63 | Abyss:2  | Noticed a harpy zombie
    70 | Abyss:2  | You add the spells Conjure Flame, Ignite Poison and Sticky
                  | Flame to your library.
    85 | Abyss:3  | Found a corrupted altar of Lugonu.
   122 | Abyss:3  | Noticed a large abomination
   128 | Abyss:3  | Found a shimmering altar of Xom.
   133 | Abyss:3  | Noticed a wraith
   134 | Abyss:3  | Noticed a large abomination
   137 | Abyss:3  | HP: 1/10 [large abomination (9)]
   138 | D:1      | You pass through the gate.
   138 | D:1      | Escaped the Abyss
   673 | D:1      | Reached XP level 2. HP: 7/14 MP: 4/4
  1071 | D:1      | Found a faded altar of an unknown god.
  1712 | D:2      | Reached skill level 3 in Unarmed Combat
  1970 | D:2      | Reached ** piety under Lugonu
  1971 | D:2      | Reached XP level 3. HP: 11/17 MP: 5/5
  1974 | D:2      | Learned a level 2 spell: Wereblood
  2112 | D:2      | Reached skill level 4 in Dodging
  2466 | D:3      | Noticed a scorpion
  2603 | D:3      | You pick up a book of Necromancy and begin reading...
  2603 | D:3      | You add the spells Pain, Animate Skeleton and Vampiric
                  | Draining to your library.
  2853 | D:3      | Found a glowing golden altar of the Shining One.
  2861 | D:3      | Noticed a sky beast
  3272 | D:3      | You pick up a book of Callings and begin reading...
  3272 | D:3      | You add the spells Summon Small Mammal, Call Canine
                  | Familiar and Summon Guardian Golem to your library.
  3493 | D:4      | Found a burning altar of Makhleb.
  3525 | D:4      | Reached XP level 4. HP: 21/21 MP: 6/6
  3527 | D:4      | Learned a level 1 spell: Summon Small Mammal
  3583 | D:4      | Found a staircase to the Ecumenical Temple.
  3594 | D:4      | You add the spells Ozocubu's Armour and Ozocubu's
                  | Refrigeration to your library.
  3609 | D:4      | Reached skill level 4 in Unarmed Combat
  3667 | D:4      | HP: 4/21 [hobgoblin (4)]
  3669 | D:4      | Reached *** piety under Lugonu
  3670 | D:4      | HP: 1/21 [gnoll (3)]
  3709 | D:4      | magus.rc [v1.9.10]
  3766 | D:4      | Found a sand-covered staircase.
  3773 | Ossuary  | Entered an ossuary
  4194 | Ossuary  | Reached XP level 5. HP: 24/24 MP: 7/7
  4436 | Ossuary  | Reached skill level 5 in Dodging
  4652 | Ossuary  | You pick up a book of Conjurations and begin reading...
  4652 | Ossuary  | You add the spells Magic Dart, Searing Ray and Fulminant
                  | Prism to your library.
  4694 | D:4      | Reached skill level 5 in Unarmed Combat
  4798 | D:4      | Found a hazy altar of Hepliaklqana.
  4838 | D:4      | Found a shadowy altar of Dithmenos.
  5239 | D:3      | HP: 4/24 [sky beast (5)]
  5634 | D:2      | HP: 6/24 [scorpion (8)]
  5862 | D:2      | Gained mutation: You are covered in thick fur. (AC +2)
                  | [Felid growth]
  5862 | D:2      | Reached XP level 6. HP: 11/28 MP: 8/8
  6139 | D:4      | Reached skill level 6 in Unarmed Combat
  6253 | D:4      | You pick up a book of Necromancy and begin reading...
  6533 | D:5      | Entered Level 5 of the Dungeon
  6735 | D:4      | Reached skill level 1 in Stealth
  6735 | D:4      | Reached skill level 1 in Transmutations
  6894 | D:4      | HP: 7/28 [orc priest/divine providence (8)]
  7221 | D:5      | Reached skill level 1 in Spellcasting
  7222 | D:5      | Reached skill level 2 in Transmutations
  7461 | D:5      | Reached skill level 2 in Stealth
  7471 | D:5      | Reached XP level 7. HP: 10/31 MP: 8/10
  7471 | D:5      | HP: 5/31 [orc priest (5)]
  7474 | D:5      | HP: 2/31 [orc priest/divine providence (13)]
  7479 | D:5      | Reached skill level 3 in Transmutations
  7893 | D:5      | Reached skill level 3 in Stealth
  7908 | D:5      | Found an opulent altar of Gozag.
  7933 | D:5      | Noticed a yak
  7933 | D:5      | Noticed a yak
  7933 | D:5      | Noticed a yak
  8144 | D:5      | Reached skill level 2 in Spellcasting
  8248 | D:5      | Reached skill level 4 in Transmutations
  8308 | D:5      | Killed a yak
  8309 | D:5      | Reached skill level 4 in Stealth
  8472 | D:5      | Killed a yak
  8473 | D:5      | Reached skill level 5 in Transmutations
  8473 | D:5      | Reached XP level 8. HP: 27/34 MP: 11/13
  8694 | D:5      | Reached skill level 3 in Spellcasting
  8783 | D:5      | Reached **** piety under Lugonu
  8784 | D:5      | Reached skill level 5 in Stealth
  9822 | D:6      | Reached skill level 6 in Transmutations
  9946 | D:6      | Found Dufuab's Armour Shoppe.
 10268 | D:6      | HP: 5/34 [gnoll sergeant (12)]
 11145 | D:6      | HP: 7/34 [gnoll sergeant (2)]
 11469 | D:6      | HP: 7/34 [iguana (5)]
 11730 | D:5      | Reached skill level 7 in Unarmed Combat
 11730 | D:5      | Reached skill level 4 in Spellcasting
 11960 | D:6      | Reached skill level 6 in Dodging
 12369 | D:7      | Identified a scroll of acquirement
 12370 | D:7      | Acquired the Compendium of Torrid Transmutation
 12371 | D:7      | You add the spells Inner Flame, Flame Wave, Fireball,
                  | Irradiate, Blade Hands and Ignition to your library.
 12378 | D:7      | Learned a level 5 spell: Blade Hands
 12384 | D:7      | Learned a level 5 spell: Irradiate
 12408 | D:7      | You add the spells Mephitic Cloud and Freezing Cloud to
                  | your library.
 12564 | D:7      | Reached XP level 9. HP: 37/37 MP: 16/16
 12604 | D:7      | Found Imoqyush's Antique Armour Boutique.
 13283 | D:8      | Noticed an unseen horror
 13303 | D:8      | HP: 6/37 [unseen horror (10)]
 13306 | D:8      | Slain by an unseen horror
 13307 | D:8      | Reached XP level 8. HP: -1/34 MP: 15/15
 13378 | D:8      | Killed an unseen horror
 13379 | D:8      | Reached skill level 7 in Transmutations
 13848 | D:8      | Slain by an orc warrior
 13849 | D:8      | Reached XP level 7. HP: -2/31 MP: 14/14
 13849 | D:8      | Noticed a yak
 13850 | D:8      | Noticed a yak
 13867 | D:8      | Reached skill level 8 in Unarmed Combat
 13872 | D:8      | Killed a yak
 13873 | D:8      | Reached skill level 8 in Transmutations
 13873 | D:8      | Reached XP level 8. HP: 25/34 MP: 10/15
 13878 | D:8      | HP: 7/34 [orc warrior (19)]
 13886 | D:8      | HP: 1/34 [orc wizard (4)]
 13888 | D:8      | Slain by an orc wizard

Vanquished Creatures
  An unseen horror (D:8)
  A wyvern (D:7)
  3 yaks
  A water moccasin (D:6)
  An orc warrior (D:8)
  2 black bears (D:8)
  An ice beast (D:6)
  A necrophage (D:6)
  2 centaurs
  An ogre (D:5)
  A kobold brigand (D:8)
  A gnoll sergeant (D:6)
  2 scorpions
  A water moccasin skeleton (D:5)
  A howler monkey (D:6)
  A bullfrog zombie (D:6)
  4 hounds
  6 orc priests
  4 iguanas
  5 orc wizards
  2 mummies (Ossuary)
  A howler monkey skeleton (D:6)
  3 adders
  7 gnolls
  A shadow imp (D:8)
  A white imp (D:5)
  8 adder zombies (Ossuary)
  3 worms
  25 orcs
  11 ball pythons
  4 bats
  5 endoplasms
  4 goblins
  8 hobgoblins
  5 jackals (D:4)
  5 kobolds
  4 quokkas
  2 frilled lizards
  3 gnoll zombies (Ossuary)
  4 hobgoblin zombies (Ossuary)
  A kobold zombie (Ossuary)
  8 orc zombies (Ossuary)
  7 rats
162 creatures vanquished.

Vanquished Creatures (collateral kills)
  A sky beast (D:3)
1 creature vanquished.

Vanquished Creatures (others)
  A yak (D:5)
  An orc wizard (D:4)
  38 fungi (D:8)
  40 plants (D:8)
80 creatures vanquished.

Grand Total: 243 creatures vanquished

Table legend:
 A = Non-vault XP
 B = Vault XP
 C = Vault XP percentage of total XP
 D = Non-vault monster count
 E = Vault monster count
 F = Vault count percentage of total count
                 A         B        C        D         E       F
            +---------+---------+-------+---------+---------+-------
      Total |    3645 |     590 |  13.9 |     130 |      34 |  20.7
            +---------+---------+-------+---------+---------+-------
        D:1 |      27 |       0 |   0.0 |      16 |       0 |   0.0
        D:2 |     127 |       0 |   0.0 |      15 |       0 |   0.0
        D:3 |     203 |       0 |   0.0 |      20 |       0 |   0.0
        D:4 |     252 |       0 |   0.0 |      21 |       0 |   0.0
        D:5 |    1149 |       0 |   0.0 |      23 |       0 |   0.0
        D:6 |     788 |       0 |   0.0 |      15 |       0 |   0.0
        D:7 |     365 |       0 |   0.0 |       8 |       0 |   0.0
        D:8 |     734 |     490 |  40.0 |      12 |       8 |  40.0
    Ossuary |       0 |     100 | 100.0 |       0 |      26 | 100.0
            +---------+---------+-------+---------+---------+-------

Illustrated notes

Table legend:
 A = Kills in this place as a percentage of kills in entire the game.
 B = Kills by you in this place as a percentage of kills by you in the entire game.
 C = Kills by friends in this place as a percentage of kills by friends in the entire game.
 D = Other kills in this place as a percentage of other kills in the entire game.
 E = Experience gained in this place as a percentage of experience gained in the entire game.
 F = Experience gained in this place divided by the number of levels of this place that you have seen.
                   A       B       C       D       E      F
               +-------+-------+-------+-------+-------+----------------------
         Total | 100.0 | 100.0 | 100.0 | 100.0 | 100.0 | 352.9
       Dungeon |  84.1 |  84.0 | 100.0 | 100.0 |  97.6 | 516.9
       Ossuary |  15.9 |  16.0 |   0.0 |   0.0 |   2.4 | 100.0
               +-------+-------+-------+-------+-------+----------------------

Table legend: (Time is in decaauts)
 A = Elapsed time spent in this place.
 B = Non-inter-level travel time spent in this place.
 C = Inter-level travel time spent in this place.
 D = Time resting spent in this place.
 E = Time spent auto-exploring this place.
 F = Levels seen in this place.
 G = Mean time per level.
                   A        B        C        D        E       F      G
               +--------+--------+--------+--------+--------+-----+--------+
         Total |  12750 |  12407 |    343 |   5423 |   4463 |  12 | 1062.5 |
       Dungeon |  11755 |  11412 |    343 |   4738 |   4457 |   8 | 1469.4 |
         Abyss |    112 |    112 |      0 |      0 |      5 |   3 |   37.3 |
       Ossuary |    882 |    882 |      0 |    685 |      0 |   1 |  882.0 |
               +--------+--------+--------+--------+--------+-----+--------+

Top non-repeatable levels by time:
     D:5: 3122 daAuts
     D:3: 1653 daAuts
     D:2: 1635 daAuts
     D:1: 1524 daAuts
     D:4: 1369 daAuts
     D:6: 1108 daAuts
     D:7: 928 daAuts
 Ossuary: 882 daAuts
     D:8: 412 daAuts
 Abyss:2: 47 daAuts
 Abyss:3: 43 daAuts
 Abyss:1: 22 daAuts
